 Dungeon Crawl Stone Soup version 0.23.2-40-g277498a001 (webtiles) character file.

Game seed: 14715584700554459290

5810 Exodus22XD the Thaumaturge (level 10, -4/50 HPs)
             Began as a Deep Elf Wizard on Sept 17, 2019.
             Was a Believer of Vehumet.
             Slain by a death yak (25 damage)
             ... on level 9 of the Dungeon.
             The game lasted 00:40:12 (11473 turns).

Exodus22XD the Thaumaturge (Deep Elf Wizard)       Turns: 11473, Time: 00:40:13

Health: -4/50      AC:  7    Str:  9    XL:     10   Next: 50%
Magic:  29/41      EV: 13    Int: 27    God:    Vehumet [**....]
Gold:   537        SH:  0    Dex: 13    Spells: 16/29 levels left

rFire    . . .     SeeInvis .   D - staff of power
rCold    + . .     Gourm    .   (no shield)
rNeg     . . .     Faith    .   a - +0 robe
rPois    .         Spirit   .   l - +1 helmet
rElec    .         Reflect  .   j - +1 cloak
rCorr    .         Harm     .   H - +0 pair of gloves
MR       +....                  (no boots)
Stlth    ++........             (no amulet)
HPRegen  0.16/turn              h - ring of protection from cold
MPRegen  0.27/turn              m - +5 ring of strength

@: no status effects
A: no striking features
a: Renounce Religion


You were on level 9 of the Dungeon.
You worshipped Vehumet.
Vehumet was pleased with you.
You were very hungry.

You visited 1 branch of the dungeon, and saw 9 of its levels.

You collected 537 gold pieces.

Inventory:

Hand Weapons
 o - a +3 hand axe of chopping
Armour
 a - a +0 robe (worn)
 j - a +1 cloak (worn)
 l - a +1 helmet (worn)
 H - a +0 pair of gloves (worn)
Magical Staves
 D - an uncursed staff of power (weapon)
Jewellery
 h - a ring of protection from cold (left hand)
 m - a +5 ring of strength (right hand)
 K - an uncursed ring of resist corrosion
Wands
 b - a wand of disintegration (7)
 v - a wand of paralysis (8)
 x - a wand of flame (10)
 y - a wand of acid (7)
 E - a wand of clouds (6)
 G - a wand of iceblast (8)
Scrolls
 c - a scroll of immolation {unknown}
 f - 3 scrolls of enchant armour
 p - a scroll of enchant weapon {unknown}
 r - 4 scrolls of teleportation
 u - a scroll of noise {unknown}
 A - a scroll of blinking {unknown}
 C - a scroll of fog {unknown}
 I - a scroll of amnesia {unknown}
 J - 2 scrolls of remove curse
Potions
 e - a potion of magic
 g - a potion of berserk rage {unknown}
 i - 2 potions of mutation
 k - 6 potions of heal wounds
 n - 4 potions of flight
 q - 2 potions of might {unknown}
 s - 3 potions of curing
 t - 3 potions of lignification {unknown}
 w - 3 potions of brilliance {unknown}
 z - 2 potions of haste {unknown}
 B - a potion of invisibility {unknown}
Comestibles
 d - 15 rations


   Skills:
 - Level 0.2 Staves
 - Level 2.4 Dodging
 - Level 2.4 Stealth
 - Level 10.3 Spellcasting
 * Level 10.1 Conjurations
 - Level 10.0 Summonings
 - Level 1.1 Translocations
 - Level 5.9 Fire Magic
 - Level 0.1 Evocations


You had 16 spell levels left.
You knew the following spells:

 Your Spells              Type           Power        Failure   Level  Hunger
a - Magic Dart            Conj           ####         1%          1    None
b - Call Imp              Summ           ######..     1%          2    None
c - Blink                 Tloc           N/A          4%          2    None
d - Conjure Flame         Conj/Fire      ######..     1%          3    None
e - Mephitic Cloud        Conj/Pois/Air  ####....     3%          3    None
f - Searing Ray           Conj           ######       1%          2    None

Your spell library contained the following spells:

 Spells                   Type           Power        Failure   Level  Hunger
 Inner Flame              Hex/Fire       ####....     3%          3    None
 Slow                     Hex            ##......     6%          2    None


Dungeon Overview and Level Annotations

Branches:
Dungeon (9/15)             Temple (0/1) D:6            Lair (0/6) D:9
    Orc: D:9-12

Altars:
Cheibriados
Okawaru
Qazlal
Sif Muna
Uskayaw
Vehumet
Yredelemnul
Zin
The Shining One

Shops:
D:6 *


Message History

The death yak is lightly wounded. (Press . to maintain the ray.)
The death yak is engulfed in blazing flames.
The searing ray hits the death yak!
The death yak is moderately wounded.
The death yak is engulfed in blazing flames.
The death yak gores you!
The searing ray hits the death yak!
The death yak is moderately wounded.
The death yak is engulfed in blazing flames.
The death yak gores you!
The searing ray hits the death yak!
The death yak is heavily wounded.
You finish channeling your searing ray.
The death yak is engulfed in blazing flames.
The death yak gores you!
The death yak is engulfed in blazing flames.
The death yak gores you!!
Ouch! That really hurt!
You die...

### ..# ############# ..#
#...........#
..###...........#
..'.#...........#
..#.#...........# #####
..#.#...........# ###....
..#.#...........####....#
..#.#...........@Y..#...#####
..#.'...........###○........#
..###...........# #.........#
### #...........# #.........#
#######+##### #....##...## ..
##.........# .# #.Y..>....#
##.# #.$#......# #..#
#....#.....#


You could see a death yak.

Vanquished Creatures
  Harold (D:7)
  A two-headed ogre (D:9)
  Prince Ribbit (D:7)
  Grinder (D:3)
  3 yaks (D:9)
  Grum (D:8)
  A water moccasin (D:6)
  An orc warrior (D:8)
  A hornet zombie (D:9)
  3 ice beasts
  3 black bears
  A necrophage (D:6)
  2 phantoms
  3 wolves (D:8)
  An ogre (D:4)
  2 centaurs
  7 bullfrogs
  A wyvern zombie (D:7)
  5 killer bees (D:8)
  2 wights (D:6)
  3 howler monkeys
  2 crimson imps
  4 hounds
  A centaur zombie (D:9)
  A jelly (D:8)
  3 orc priests (D:6)
  3 bullfrog skeletons
  3 iguanas
  Jessica (D:2)
  2 orc wizards (D:6)
  5 worker ants
  A hound zombie (D:5)
  A hound skeleton (D:8)
  A worker ant zombie (D:6)
  Robin (D:2)
  11 gnolls
  15 adders
  4 shadow imps
  An ooze (D:3)
  An adder zombie (D:6)
  An adder skeleton (D:5)
  7 worms
  5 dart slugs
  4 leopard geckos
  15 orcs
  3 ball pythons
  14 bats
  7 giant cockroaches
  21 goblins
  8 hobgoblins
  8 jackals
  7 kobolds
  3 quokkas
  8 frilled lizards
  2 leopard gecko skeletons
  A quokka skeleton (D:4)
  A quokka zombie (D:7)
  11 rats
231 creatures vanquished.

Vanquished Creatures (collateral kills)
  A wight (D:6)
  An orc (D:8)
  A quokka (D:8)
3 creatures vanquished.

Vanquished Creatures (others)
  An orc (D:8)
1 creature vanquished.

Grand Total: 235 creatures vanquished

Notes
Turn   | Place    | Note
-------+----------+-------------------------------------------
     0 | D:1      | Exodus22XD the Deep Elf Wizard began the quest for the Orb.
     0 | D:1      | Reached XP level 1. HP: 10/10 MP: 7/7
   293 | D:1      | Reached XP level 2. HP: 11/15 MP: 0/9
   766 | D:1      | Reached XP level 3. HP: 19/19 MP: 5/10
  1640 | D:2      | Reached XP level 4. HP: 24/24 MP: 10/12
  1645 | D:2      | Noticed Robin
  1669 | D:2      | Killed Robin
  2129 | D:2      | Noticed Jessica
  2132 | D:2      | Killed Jessica
  2132 | D:2      | Reached skill level 5 in Conjurations
  2184 | D:2      | Reached XP level 5. HP: 28/28 MP: 0/13
  2192 | D:2      | Learned a level 2 spell: Call Imp
  2195 | D:2      | Learned a level 2 spell: Blink
  2199 | D:2      | Learned a level 3 spell: Conjure Flame
  2203 | D:2      | Learned a level 3 spell: Mephitic Cloud
  2345 | D:2      | Found a basalt altar of Yredelemnul.
  2345 | D:2      | Found a snail-covered altar of Cheibriados.
  3371 | D:3      | Noticed Grinder
  3438 | D:3      | Killed Grinder
  3438 | D:3      | Reached XP level 6. HP: 20/32 MP: 0/14
  3784 | D:3      | Reached skill level 1 in Fire Magic
  3945 | D:4      | Found a deep blue altar of Sif Muna.
  4146 | D:4      | Reached XP level 7. HP: 36/36 MP: 5/15
  4257 | D:4      | Found a hide-covered altar of Uskayaw.
  4942 | D:4      | Found a radiant altar of Vehumet.
  4959 | D:4      | Became a worshipper of Vehumet
  5171 | D:5      | Entered Level 5 of the Dungeon
  5302 | D:5      | Reached skill level 5 in Fire Magic
  6216 | D:5      | Reached skill level 5 in Spellcasting
  6333 | D:6      | Found Olavidgh's General Store.
  6495 | D:6      | Reached XP level 8. HP: 17/41 MP: 7/19
  6782 | D:6      | Reached * piety under Vehumet
  6782 | D:6      | Offered knowledge of Sandblast by Vehumet.
  6888 | D:6      | Found an iron altar of Okawaru.
  7313 | D:6      | Reached skill level 10 in Spellcasting
  7489 | D:6      | Found a staircase to the Ecumenical Temple.
  7981 | D:7      | Reached XP level 9. HP: 45/45 MP: 20/25
  8180 | D:7      | Noticed Harold
  8206 | D:7      | Killed Harold
  8605 | D:7      | Noticed Prince Ribbit
  8644 | D:7      | Killed Prince Ribbit
  8909 | D:7      | Reached skill level 10 in Conjurations
  9670 | D:8      | Reached skill level 5 in Summonings
  9811 | D:8      | Reached ** piety under Vehumet
  9811 | D:8      | Offered knowledge of Searing Ray by Vehumet.
 10365 | D:8      | Learned a level 2 spell: Searing Ray
 10412 | D:8      | Reached XP level 10. HP: 50/50 MP: 26/26
 10554 | D:8      | Noticed Grum
 10561 | D:8      | Killed Grum
 10815 | D:9      | Found a glowing golden altar of the Shining One.
 10816 | D:9      | Found a stormy altar of Qazlal.
 10817 | D:9      | Found a glowing silver altar of Zin.
 10817 | D:9      | Found a radiant altar of Vehumet.
 11052 | D:9      | Found a staircase to the Lair.
 11052 | D:9      | Noticed a death yak
 11063 | D:9      | Noticed a death yak
 11063 | D:9      | Noticed a death yak
 11063 | D:9      | Noticed a death yak
 11063 | D:9      | Noticed a death yak
 11290 | D:9      | Noticed a two-headed ogre
 11306 | D:9      | Killed a two-headed ogre
 11306 | D:9      | Offered knowledge of Inner Flame by Vehumet.
 11404 | D:9      | Reached skill level 10 in Summonings
 11473 | D:9      | Slain by a death yak

Skill      XL: |  1  2  3  4  5  6  7  8  9 10 |
---------------+-------------------------------+-----
Conjurations   | 2 3 4 5 6 10 | 10.1
Summonings     | 4 6 10 | 10.0
Fire Magic     | 3 5 |  5.9
Spellcasting   | 6 10 | 10.3
Staves         | |  0.2
Dodging        | |  2.4
Stealth        | |  2.4
Translocations | |  1.1
Evocations     | |  0.1

Action                   |  1- 3 |  4- 6 |  7- 9 | 10-12 || total
-------------------------+-------+-------+-------+-------++-------
Melee: Hand axe          |       |    12 |    27 |       ||    39
 Cast: Magic Dart        |    94 |   184 |   341 |    27 ||   646
       Call Imp          |       |     4 |     8 |       ||    12
       Conjure Flame     |       |     3 |    30 |    11 ||    44
       Mephitic Cloud    |       |     2 |    14 |     5 ||    21
       Blink             |       |       |     7 |     3 ||    10
       Searing Ray       |       |       |     2 |    16 ||    18
Evoke: Wand              |       |       |     3 |       ||     3
  Use: Scroll            |       |       |    10 |     1 ||    11
 Stab: Distracted        |       |       |     2 |       ||     2
  Eat: Chunk             |     2 |     8 |    19 |     2 ||    31
Armor: Robe              |     4 |     5 |    14 |     2 ||    25
Dodge: Dodged            |    10 |    18 |    63 |    10 ||   101
